 Dungeon Crawl Stone Soup version 0.31-a0-1529-g7bd419a0e5 (webtiles) character file.

Game seed: 16370949180377614835

3610 dialectric the Fighter (level 9, -3/83 HPs)
             Began as a Minotaur Fighter on Jan 1, 2024.
             Slain by a bullfrog (7 damage)
             ... on level 8 of the Dungeon.
             The game lasted 00:07:22 (6252 turns).

dialectric the Fighter (Minotaur Fighter)           Turns: 6252, Time: 00:07:22

Health: -3/83      AC:  8    Str: 23    XL:     9   Next: 86%
Magic:  8/8        EV: 12    Int:  5    God:
Gold:   463        SH:  0    Dex: 12    Spells: 8/8 levels left

rFire   + . .        a - +0 flail
rCold   . . .        (no shield)
rNeg    . . .        b - +0 scale mail
rPois   .            (helmet restricted)
rElec   .            (no cloak)
rCorr   .            (no gloves)
SInv    .            (no boots)
Will    .....        (no amulet) Stlth
                     j - +4 ring of slaying
HPRegen 0.33/turn    w - ring of protection from fire
MPRegen 0.11/turn

%: no passive effects
@: no status effects
A: horns 2, retaliatory headbutt
a: no special abilities


You were on level 8 of the Dungeon.
You visited 1 branch of the dungeon, and saw 8 of its levels.

You collected 463 gold pieces.

Inventory:

Hand Weapons
 a - a +0 flail (weapon)
 x - the +8 falchion of Midnight {flame, ^Fragile rCorr Str+3 Int+3}
   (You found it on level 4 of the Dungeon)

   Str+3:     It affects your strength (+3).
   Int+3:     It affects your intelligence (+3).
   rCorr:     It protects you from acid and corrosion.
   ^Fragile:  It will be destroyed if unequipped.
Missiles
 E - 3 curare-tipped darts (quivered)
Armour
 b - a +0 scale mail (worn)
 c - a +0 buckler
Jewellery
 j - a +4 ring of slaying (left hand)
 w - a ring of protection from fire (right hand)
 y - an amulet of reflection
Wands
 g - a wand of roots (13)
 v - a wand of digging (1)
 z - a wand of charming (7)
 B - a wand of light (12)
Scrolls
 i - 3 scrolls of immolation
 k - a scroll of identify
 l - 2 scrolls of acquirement {unknown}
 n - 2 scrolls of fog {unknown}
 o - 2 scrolls of fear {unknown}
 p - a scroll of blinking {unknown}
 q - a scroll of enchant armour {unknown}
 r - a scroll of poison {unknown}
 t - 4 scrolls of amnesia {unknown}
 u - 5 scrolls of teleportation {unknown}
 G - a scroll of vulnerability {unknown}
Potions
 d - a potion of might
 e - 2 potions of haste
 h - a potion of ambrosia
 m - 7 potions of curing
 s - 4 potions of enlightenment
 A - a potion of lignification
 C - a potion of brilliance
 D - a potion of heal wounds {unknown}
 F - 2 potions of cancellation
 H - a potion of invisibility {unknown}


   Skills:
 + Level 9.3 Fighting
 + Level 8.9 Maces & Flails
 + Level 9.2 Armour
 + Level 5.7 Dodging
 - Level 6.5 Shields


You had 8 spell levels left.
You didn't know any spells.
Your spell library contained the following spells:

 Spells                   Type           Power      Damage    Failure   Level
 Momentum Strike          Conj/Tloc      0%         3d8       87%         2
 Call Canine Familiar     Summ           0%         N/A       98%         3
 Fugue of the Fallen      Necr           0%         N/A       98%         3
 Ozocubu's Armour         Ice            0%         N/A       98%         3
 Sigil of Binding         Hex            0%         N/A       98%         3
 Anguish                  Hex/Necr       0%         N/A       100%        4
 Cause Fear               Hex            0%         N/A       100%        4
 Dimensional Bullseye     Hex/Tloc       0%         N/A       100%        4
 Manifold Assault         Tloc           0%         N/A       100%        4
 Enfeeble                 Hex            0%         N/A       100%        7
 Malign Gateway           Summ/Tloc      0%         N/A       100%        7
 Disjunction              Tloc           0%         N/A       100%        8
 Summon Horrible Things   Summ           0%         N/A       100%        8


Dungeon Overview and Level Annotations

Branches:
Dungeon (8/15)             Temple (0/1) D:7
   Lair: D:8-11

Altars:
Wu Jian
Xom

Shops:
D:1 (   D:7 =

Annotations:
D:8 Gastronok


Innate Abilities, Weirdness & Mutations

You have a pair of horns on your head.
You reflexively headbutt those who attack you in melee.


Message History

The steam dragon claws you but does no damage.
Things that are here:
a water moccasin corpse; a wyvern corpse You thump the steam dragon!
The steam dragon is moderately wounded.
The steam dragon bites you.
The steam dragon claws you but does no damage.
Unknown command.
You thump the steam dragon! You headbutt the steam dragon.
The steam dragon is severely wounded.
The steam dragon barely misses you.
The steam dragon claws you but does no damage.
Unknown command.
You sock the steam dragon!
You kill the steam dragon!
Gastronok casts a spell at you.
You barely resist.
A shadow comes into view.
You see here a +0 orcbow.
A bullfrog comes into view.
The bullfrog gives a loud, deep croak!
The shadow slips into darkness.
The shadow flickers and vanishes!
Deactivating autopickup; reactivate with Ctrl-A.
The shadow strikes at you from the darkness!
Reactivating autopickup.
The shadow slips into darkness.
The shadow flickers and vanishes!
Deactivating autopickup; reactivate with Ctrl-A.
The shadow strikes at you from the darkness!
* * * LOW HITPOINT WARNING * * *
Reactivating autopickup.
The bullfrog attacks as it pursues you! The bullfrog barely misses you.
The shadow attacks as it pursues you! The shadow misses you.
The bullfrog attacks as it pursues you! The bullfrog hits you.
* * * LOW HITPOINT WARNING * * *
The bullfrog completely misses you.
Okay, then.
The bullfrog attacks as it pursues you! The bullfrog hits you!
You die...

### #.###### ##.#... #.......
...... #..... ..... #... ...#
######.#############..#
....w..........#...#..# #
..####.#......W#.#.#.)#.#####
)..............F@.<†.........
#.##.#.#......##.###..#.#####
#†##.#.#......##......# #
#.##.#.#.############.#
#.##.#.#.# #.. #.##.#.###
#### ).##.#.# ...#.#.# ...


You could see a shadow and a bullfrog.

Vanquished Creatures
  Pikel (D:5)
  A cyclops (D:7)
  Prince Ribbit (D:5)
  Sigmund (D:5)
  A wyvern (D:8)
  A steam dragon (D:8)
  Menkaure (D:5)
  3 water moccasins
  An orc warrior (D:6)
  2 ice beasts (D:7)
  2 sky beasts
  2 ogres
  A centaur (D:5)
  A phantom (D:5)
  2 bullfrogs
  3 scorpions
  2 howler monkeys (D:7)
  2 hounds
  A jelly (D:5)
  A bombardier beetle (D:6)
  7 orc priests
  A sleepcap (D:7)
  An iguana (D:5)
  4 orc wizards
  7 adders
  3 gnolls
  A shadow imp (D:6)
  3 white imps
  2 dart slugs
  2 ribbon worms
  14 orcs
  4 endoplasms
  A giant cockroach (D:2)
  5 goblins
  5 hobgoblins
  A jackal (D:4)
  3 quokkas
  7 ball pythons
  3 bats (D:3)
  3 frilled lizards
  10 kobolds
  4 rats
121 creatures vanquished.

Notes
Turn   | Place    | Note
-------+----------+-------------------------------------------
     0 | D:1      | dialectric the Minotaur Fighter began the quest for the
                  | Orb.
     0 | D:1      | Reached XP level 1. HP: 19/19 MP: 0/0
    11 | D:1      | Got the Octavo of Superposition
   116 | D:1      | Reached XP level 2. HP: 27/27 MP: 1/1
   245 | D:1      | Found a faded altar of an unknown god.
   419 | D:1      | Found Petuicua's Weapon Boutique.
   487 | D:2      | Reached XP level 3. HP: 30/33 MP: 2/2
   666 | D:2      | Found a shimmering altar of Xom.
  1758 | D:3      | Reached XP level 4. HP: 22/41 MP: 3/3
  2255 | D:4      | Reached XP level 5. HP: 46/47 MP: 4/4
  2383 | D:4      | Identified the +8 falchion of Midnight {flame, ^Fragile
                  | rCorr Str+3 Int+3}
  3102 | D:5      | Entered Level 5 of the Dungeon
  3104 | D:5      | Noticed Sigmund
  3110 | D:5      | Killed Sigmund
  3111 | D:5      | Reached skill level 5 in Fighting
  3111 | D:5      | Reached skill level 5 in Armour
  3111 | D:5      | Reached skill level 5 in Shields
  3111 | D:5      | Reached XP level 6. HP: 46/56 MP: 5/5
  3236 | D:5      | Noticed Menkaure
  3245 | D:5      | Killed Menkaure
  3411 | D:5      | Noticed Pikel
  3434 | D:5      | Killed Pikel
  3435 | D:5      | Reached skill level 5 in Maces & Flails
  3435 | D:5      | Reached XP level 7. HP: 57/64 MP: 6/6
  3480 | D:5      | Reached XP level 8. HP: 71/71 MP: 7/7
  3521 | D:5      | Reached skill level 1 in Dodging
  4181 | D:5      | Noticed Prince Ribbit
  4188 | D:5      | Killed Prince Ribbit
  4612 | D:6      | Found an ornate altar of the Wu Jian Council.
  4672 | D:6      | Reached XP level 9. HP: 11/81 MP: 8/8
  5567 | D:7      | Noticed a cyclops
  5576 | D:7      | Killed a cyclops
  5612 | D:7      | Reached skill level 5 in Dodging
  6001 | D:7      | Found a staircase to the Ecumenical Temple.
  6036 | D:7      | Found Kumuch's Jewellery Shop.
  6217 | D:8      | Noticed Gastronok
  6248 | D:8      | HP: 4/83 [something (32)]
  6252 | D:8      | Slain by a bullfrog

Illustrated notes

Levels and vault maps discovered:
D:1:      ncdulo_watergridlock, layout_rooms, serial_shops, shop,
          hellmonk_ecumenical_altar_blasted, grunt_decor_one_mirror, hex_medium,
          supply_closet_lemuel
D:2:      layout_loops_ring, basic_altar
D:3:      minmay_angry_zag, layout_basic, kennysheep_generic_room_14
D:4:      layout_basic, minmay_circle_x
D:5:      layout_loops_cross, minmay_misc_feat_square, uniq_sigmund,
          uniq_prince_ribbit1, uniq_menkaure, uniq_pikel
D:6:      layout_basic, nzn_wu_jian_contemplation, serial_demonic,
          serial_demonic_d, serial_demonic_g, serial_demonic_g,
          serial_demonic_e, serial_bayou_pond_a
D:7:      layout_basic, temple_statues, serial_corexii_hall,
          chequers_hall_statues_wall_a, chequers_hall_statues_wall_a,
          corexii_hall_statues_i, serial_shops, shop
D:8:      layout_basic, mainiacjoe_overflow_alcove_3, minmay_lair_entry_grove,
          uniq_maggie, uniq_gastronok

Skill      XL: |  1  2  3  4  5  6  7  8  9 |
---------------+----------------------------+-----
Fighting       | 4 5 6 7 9 |  9.3
Armour         | 4 5 6 7 9 |  9.2
Shields        | 4 5 6 |  6.5
Maces & Flails | 3 4 5 6 7 8 |  8.9
Dodging        | 3 5 |  5.7

Action                     |  1- 3 |  4- 6 |  7- 9 || total
---------------------------+-------+-------+-------++-------
  Melee: Flail             |    90 |    63 |   132 ||   285
         Headbutt          |     8 |     9 |    33 ||    50
         Punch             |       |       |     1 ||     1
  Throw: Dart              |       |       |     6 ||     6
  Evoke: Wand              |       |       |     1 ||     1
    Use: Potion            |       |     1 |     1 ||     2
         Scroll            |       |       |     8 ||     8
 Armour: Scale mail        |    68 |    52 |   112 ||   232
  Dodge: Dodged            |    42 |    33 |    72 ||   147

Table legend: (Time is in decaauts)
 A = Elapsed time spent in this place.
 B = Non-inter-level travel time spent in this place.
 C = Inter-level travel time spent in this place.
 D = Time resting spent in this place.
 E = Time spent auto-exploring this place.
 F = Levels seen in this place.
 G = Mean time per level.
                   A        B        C        D        E       F      G
               +--------+--------+--------+--------+--------+-----+--------+
         Total |   6298 |   6202 |     96 |    599 |   4347 |   8 |  787.2 |
       Dungeon |   6298 |   6202 |     96 |    599 |   4347 |   8 |  787.2 |
               +--------+--------+--------+--------+--------+-----+--------+

Top non-repeatable levels by time:
     D:5: 1309 daAuts
     D:4: 1217 daAuts
     D:3: 1108 daAuts
     D:6: 740 daAuts
     D:7: 736 daAuts
     D:2: 652 daAuts
     D:1: 466 daAuts
     D:8: 68 daAuts
